 Dungeon Crawl Stone Soup version 0.28-a0-1613-gdaab1c2f9b (webtiles) character file.

Game seed: 3845391433523731457

47 murtidash the Magician (level 3, -2/27 HPs)
             Began as a Djinni Hedge Wizard on Jan 21, 2022.
             Slain by an orc priest (6 damage)
             ... on level 3 of the Dungeon.
             The game lasted 00:01:49 (2601 turns).

murtidash the Magician (Djinni Hedge Wizard)        Turns: 2601, Time: 00:01:50

Health: -2/27      AC:  2    Str:  9    XL:     3   Next: 97%
Gold:   52         EV: 12    Int: 23    God:
                   SH:  0    Dex: 18

rFire   + + .      SeeInvis .   a - +0 dagger
rCold   x . .      Faith    .   (no shield)
rNeg    . . .      Spirit   .   b - +0 robe
rPois   ∞          Reflect  .   c - +0 hat
rElec   .          Harm     .   (no cloak)
rCorr   .          Rampage  .   (no gloves)
Will    .....                   (boots unavailable)
Stlth   +.........              (no amulet)
HPRegen 0.09/turn               d - +6 ring of intelligence
MPRegen 0.00/turn               h - +6 ring of dexterity

@: confused, brilliant, flying
A: sickness immunity, fire resistance 2, cold vulnerability 1, float, innate
caster, hp casting, extra vitality 1
a: no special abilities


You were on level 3 of the Dungeon.
You visited 1 branch of the dungeon, and saw 3 of its levels.

You collected 52 gold pieces.

Inventory:

Hand Weapons
 a - a +0 dagger (weapon)
Armour
 b - a +0 robe (worn)
 c - a +0 hat (worn)
Jewellery
 d - a +6 ring of intelligence (left hand)
   (You found it on level 1 of the Dungeon)
 h - a +6 ring of dexterity (right hand)
   (You found it on level 1 of the Dungeon)
Wands
 i - a wand of iceblast (11)
   (You found it on level 2 of the Dungeon)
Scrolls
 e - 2 scrolls of identify {unknown}
 f - 2 scrolls of vulnerability {unknown}
 g - a scroll of enchant weapon {unknown}
 k - a scroll of holy word {unknown}
 l - a scroll of magic mapping {unknown}
 m - a scroll of amnesia {unknown}


   Skills:
 + Level 1.1 Fighting
 - Level 2.1 Dodging
 - Level 1.5 Stealth
 * Level 3.3 Spellcasting


You couldn't memorise any spells.
You knew the following spells:

 Your Spells              Type           Power      Damage    Failure   Level
a - Magic Dart            Conj           100%       1d8       2%          1
b - Blink                 Tloc           58%        N/A       4%          2
c - Call Imp              Summ           29%        N/A       4%          2
s - Slow                  Hex            100%       N/A       2%          1
x - Mephitic Cloud        Conj/Pois/Air  29%        N/A       9%          3
X - Conjure Flame         Conj/Fire      29%        6-21      9%          3
Z - Sandblast             Erth           58%        2d13      2%          1
Your spell library was empty.

Dungeon Overview and Level Annotations

Branches:
Dungeon (3/15)

Altars:


Innate Abilities, Weirdness & Mutations

You are immune to sickness and miasma.
You are immune to poison.
Your flesh is very heat resistant. (rF++)
You are vulnerable to cold. (rC-)
You float through the air rather than walking.
You learn spells naturally, not from books.
Your magical power is your life essence.
You have superior vitality. (+4 MHP)


Message History

The magic dart hits the dart slug.
You kill the dart slug!
You can't see any susceptible monsters within range! (Use Z to cast anyway.)
You can't see any susceptible monsters within range! (Use Z to cast anyway.)
You can't see any susceptible monsters within range! (Use Z to cast anyway.)
You can't see any susceptible monsters within range! (Use Z to cast anyway.)
You can't see any susceptible monsters within range! (Use Z to cast anyway.)
You can't see any susceptible monsters within range! (Use Z to cast anyway.)
You can't see any susceptible monsters within range! (Use Z to cast anyway.)
You can't see any susceptible monsters within range! (Use Z to cast anyway.)
Your magical contamination has completely faded away.
You see here a dart slug corpse.
You reach down and open the door.
There is an open door here.
Found a stone staircase leading down.
Health restored: 27
There is a stone staircase leading down here.
There is a stone staircase leading down here.
Done exploring.
Done exploring.
There is a stone staircase leading down here.
You fly downwards.
There is a stone staircase leading up here.
A rat comes into view.
Aim: a rat (asleep, 100% to hit)
The magic dart hits the rat.
An orc priest comes into view. It is wielding a +0 whip.
The orc priest moves out of view.
You take 1 damage, and have 26/27 hp.
Aim: a rat (severely wounded, 100% to hit)
You miscast Magic Dart.
You are very lightly contaminated with residual magic.
Nothing appears to happen.
Aim: a rat (severely wounded, 100% to hit)
The magic dart hits the rat.
You kill the rat!
You take 2 damage, and have 24/27 hp.
You can't see any susceptible monsters within range! (Use Z to cast anyway.)
You can't see any susceptible monsters within range! (Use Z to cast anyway.)
You can't see any susceptible monsters within range! (Use Z to cast anyway.)
An orc wizard comes into view. It is wielding a +2 dagger of speed.
An orc comes into view. It is wielding a +0 short sword.
Your magical contamination has completely faded away.
Aim: an orc, wielding a +0 short sword (wandering, hasn't noticed you, 100% to hit)
The magic dart hits the orc.
The orc shouts!
You hear a shout!
You take 1 damage, and have 23/27 hp.
Aim: an orc, wielding a +0 short sword (heavily wounded, 100% to hit)
The magic dart hits the orc wizard but does no damage.
Aim: an orc wizard, wielding a +2 dagger of speed and wearing a +0 robe (100% to hit)
The magic dart hits the orc wizard but does no damage.
The orc priest shouts!
Aim: an orc wizard, wielding a +2 dagger of speed and wearing a +0 robe (100% to hit)
The magic dart hits the orc wizard.
Aim: an orc wizard, wielding a +2 dagger of speed and wearing a +0 robe (lightly wounded, 100% to hit)
The magic dart hits the orc wizard.
Aim: an orc wizard, wielding a +2 dagger of speed and wearing a +0 robe (moderately wounded, 100% to hit)
The magic dart hits the orc wizard.
The orc wizard hits you but does no damage.
Aim: an orc wizard, wielding a +2 dagger of speed and wearing a +0 robe (moderately wounded, 100% to hit)
The magic dart hits the orc wizard.
The orc wizard points at you and mumbles some strange words.
You are confused.
You're too confused to cast spells.
You take 5 damage, and have 18/27 hp.
You're too confused to cast spells.
You're too confused to cast spells.
You're too confused to cast spells.
You're too confused to cast spells.
You're too confused to cast spells.
You're too confused to cast spells.
You're too confused to cast spells.
You're too confused to cast spells.
You're too confused to cast spells.
You're too confused to cast spells.
You're too confused to cast spells.
You're too confused to cast spells.
You bump into the rock wall.
The orc wizard hits you with a +2 dagger of speed.
An orc comes into view.
It is wielding a +0 club and wearing a +0 leather armour of fire resistance.
The orc priest invokes the aid of Beogh against you.
Beogh smites you!
* * * LOW HITPOINT WARNING * * *
The orc wizard barely misses you.
You take 12 damage, and have 6/27 hp.
MASSIVE DAMAGE!!
You bump into the rock wall.
The orc wizard hits you with a +2 dagger of speed.
* * * LOW HITPOINT WARNING * * *
You take 2 damage, and have 4/27 hp.
Unknown command.
It was a potion of brilliance.
You feel clever all of a sudden.
The orc shouts!
The orc wizard casts a spell at you. You resist with some effort.
The orc priest barely misses you.
You are too confused!
You are too confused!
You're too confused to cast spells.
Unknown command.
The orc priest hits you with a +0 whip.
You die...

#.# #.#..#
#.#..#
#.#..#
#.#..#
#.#..##
#<#†..
#.#.######
#@o.......
#o#o######
#.#o..
#.####.#
#.. .. #..
.. #.# .
#.#


You could see an orc priest, an orc wizard and an orc.

Vanquished Creatures
  An adder (D:2)
  A worm (D:2)
  A dart slug (D:2)
  3 bats (D:1)
  4 endoplasms
  3 giant cockroaches (D:2)
  2 goblins (D:2)
  5 hobgoblins
  2 kobolds
  2 ball pythons (D:1)
  6 frilled lizards
  3 rats
33 creatures vanquished.

Notes
Turn   | Place    | Note
-------+----------+-------------------------------------------
     0 | D:1      | murtidash the Djinni Hedge Wizard began the quest for the
                  | Orb.
     0 | D:1      | Reached XP level 1. HP: 15/15 MP: 0/0
   331 | D:1      | Reached XP level 2. HP: 20/21 MP: 0/0
   554 | D:1      | Found a faded altar of an unknown god.
   833 | D:1      | Reached skill level 3 in Spellcasting
  1330 | D:2      | Reached XP level 3. HP: 13/26 MP: 0/0
  1330 | D:2      | Learned a level 1 spell: Sandblast
  2281 | D:2      | Reached skill level 1 in Fighting
  2599 | D:3      | HP: 4/27 [orc wizard (2)]
  2601 | D:3      | Slain by an orc priest

Illustrated notes

Levels and vault maps discovered:
D:1:      amcnicky_arrival_choice, layout_loops_ring,
          shapermc_ecumenical_altar_mp_ritualfount
D:2:      layout_loops_corners, wad_floor_pattern_untrapped
D:3:      layout_basic

Skill      XL: |  1  2  3 |
---------------+----------+-----
Spellcasting   | 3 |  3.3
Fighting       | 1 |  1.1
Dodging        | |  2.1
Stealth        | |  1.5

Action                   || total
-------------------------++-------
 Cast: Magic Dart        ||    89
  Use: Potion            ||     1
Armor: Robe              ||     3
Dodge: Dodged            ||    16

Table legend: (Time is in decaauts)
 A = Elapsed time spent in this place.
 B = Non-inter-level travel time spent in this place.
 C = Inter-level travel time spent in this place.
 D = Time resting spent in this place.
 E = Time spent auto-exploring this place.
 F = Levels seen in this place.
 G = Mean time per level.
                   A        B        C        D        E       F      G
               +--------+--------+--------+--------+--------+-----+--------+
         Total |   2599 |   2554 |     45 |      0 |   2398 |   3 |  866.3 |
       Dungeon |   2599 |   2554 |     45 |      0 |   2398 |   3 |  866.3 |
               +--------+--------+--------+--------+--------+-----+--------+

Top non-repeatable levels by time:
     D:2: 1486 daAuts
     D:1: 1091 daAuts
     D:3: 21 daAuts

Table legend:
 A = Kills in this place as a percentage of kills in entire the game.
 B = Kills by you in this place as a percentage of kills by you in the entire game.
 C = Kills by friends in this place as a percentage of kills by friends in the entire game.
 D = Other kills in this place as a percentage of other kills in the entire game.
 E = Experience gained in this place as a percentage of experience gained in the entire game.
 F = Experience gained in this place divided by the number of levels of this place that you have seen.
                   A       B       C       D       E      F
               +-------+-------+-------+-------+-------+----------------------
         Total | 100.0 | 100.0 |   N/A |   N/A | 100.0 |  22.7
       Dungeon | 100.0 | 100.0 |   N/A |   N/A | 100.0 |  22.7
               +-------+-------+-------+-------+-------+----------------------
